 Dungeon Crawl Stone Soup version 0.22-a0-848-ge9e22a0 (webtiles) character file.

128 Leszczynek the Slasher (level 4, -3/27 HPs)
             Began as a Deep Elf Abyssal Knight on July 26, 2018.
             Was a Believer of Lugonu.
             Slain by an ogre
             ... wielding a +0 giant club
              (17 damage)
             ... on level 3 of the Dungeon.
             The game lasted 00:09:19 (1557 turns).

Leszczynek the Slasher (Deep Elf Abyssal Knight)    Turns: 1557, Time: 00:09:20

Health: -3/27      AC:  7    Str:  9    XL:     4   Next: 87%
Magic:  7/7        EV: 12    Int: 18    God:    Lugonu [**....]
Gold:   73         SH:  0    Dex: 14    Spells: 3/3 levels left

rFire    . . .     SeeInvis .   b - +0 great sword
rCold    . . .     Gourm    .   (shield currently unavailable)
rNeg     . . .     Faith    .   i - +0 leather armour
rPois    .         Spirit   .   (no helmet)
rElec    .         Reflect  .   (no cloak)
rCorr    .         Harm     .   (no gloves)
MR       .....                  (no boots)
Stlth    +.........             (no amulet)
HPRegen  0.09/turn              c - +3 ring of protection
MPRegen  0.10/turn              t - +1 ring of protection

@: no status effects
A: no striking features
a: Depart the Abyss, Bend Space, Renounce Religion


You were on level 3 of the Dungeon.
You worshipped Lugonu.
Lugonu was pleased with you.
You were not hungry.

You visited 1 branch of the dungeon, and saw 4 of its levels.
You visited the Abyss 1 time.

You collected 73 gold pieces.

Inventory:

Hand Weapons
 a - a +1 short sword
 b - a +0 great sword (weapon)
Missiles
 h - 11 tomahawks (quivered)
 o - 13 bolts
 r - 51 stones
Armour
 i - a +0 leather armour (worn)
Jewellery
 c - a +3 ring of protection (left hand)
 q - an uncursed ring of wizardry
 t - a +1 ring of protection (right hand)
Scrolls
 e - a scroll of remove curse {unknown}
 j - a scroll of teleportation {unknown}
 m - 3 scrolls of identify {unknown}
 n - a scroll of noise {unknown}
 s - a scroll of amnesia {unknown}
Potions
 g - a potion of degeneration {unknown}
 k - 2 potions of lignification {unknown}
 l - 2 potions of brilliance {unknown}
 p - a potion of heal wounds {unknown}
Comestibles
 d - 3 rations
 f - 6 chunks of flesh


   Skills:
 - Level 2.4 Fighting
 - Level 3.2(4.1) Short Blades
 + Level 3.3(3.9) Long Blades
 - Level 0.7 Armour
 - Level 2.4 Dodging
 - Level 2.0 Invocations


You had 3 spell levels left.
You didn't know any spells.
Your spell library was empty.

Dungeon Overview and Level Annotations

Branches:
Dungeon (4/15)
 Temple: D:4-7

Altars:
Fedhas


Message History

There is a stone staircase leading down here.
You climb downwards.
An orc, an orc priest, an orc wizard and 2 ogres come into view.
The orc wizard shouts!
A giant cockroach comes into view.
The orc hits you but does no damage.
Found a scroll labeled OLEABU FEEZALL.
There is a stone staircase leading up here.
Unknown command.
Unknown command.
Unknown command.
Unknown command.
Unknown command.
Unknown command.
The ogre hits you with a giant club!
You climb upwards.
There is a stone staircase leading down here.
The ogre hits you with a giant club!
Ouch! That really hurt!
You die...

#### #####...# #.....#..##
#.# #...#.###### #.#.
#.........#
#.#.#####.####.##########
#.##.#..@## #.##..)...<)
###.###..O.#####.##.#######
#.o<##...>...##..........##
#.####........##########.#
#)# #...)...## ##.## #.#
###...### #...# #.# #.(.#
##..# #.# ##.## #..# #)#
#.# #..#


You could see an ogre.

Vanquished Creatures
  2 orc wizards (D:3)
  An adder (D:3)
  An ooze (D:2)
  3 dart slugs (D:2)
  2 leopard geckos
  5 orcs (D:3)
  3 bats
  2 giant cockroaches
  3 goblins
  6 hobgoblins
  8 jackals (D:3)
  2 kobolds (D:3)
  A ball python (D:1)
  3 frilled lizards
  2 rats
44 creatures vanquished.

Notes
Turn   | Place    | Note
-------+----------+-------------------------------------------
     0 | Abyss:1  | Leszczynek the Deep Elf Abyssal Knight began the quest for the Orb.
     0 | Abyss:1  | Reached XP level 1. HP: 13/13 MP: 4/4
    13 | Abyss:1  | Noticed a blizzard demon
    16 | D:1      | Escaped the Abyss
   174 | D:2      | Reached XP level 2. HP: 13/18 MP: 5/5
   212 | D:2      | Reached skill level 3 in Short Blades
   274 | D:2      | Reached ** piety under Lugonu
   750 | D:2      | Reached skill level 1 in Long Blades
   750 | D:2      | Reached XP level 3. HP: 12/22 MP: 6/6
  1124 | D:2      | speedrunning here
  1196 | D:3      | Found a blossoming altar of Fedhas.
  1301 | D:3      | Reached skill level 2 in Long Blades
  1325 | D:3      | Reached XP level 4. HP: 27/27 MP: 7/7
  1326 | D:3      | wew lad
  1507 | D:3      | Reached skill level 3 in Long Blades
  1553 | D:4      | Noticed an ogre
  1553 | D:4      | Noticed an ogre
  1557 | D:3      | Ouch! That really hurt!
  1557 | D:3      | Slain by an ogre

Vault maps used:
D:1:      scummos_arrival_simple_fountains, minmay_distorted
D:2:      lemuel_coloured_pillars_altar
D:3:      fedhas_altar_1, first_ration, ebering_ghost_rock_garden
D:4:      grunt_temple_overflow_holy_war, minmay_temple_entry_junction_2,
          serial_corexii_hall, corexii_hall_statues_t, corexii_hall_statues_i,
          corexii_hall_statues_i

Skill      XL: |  1  2  3  4 |
---------------+-------------+-----
Short Blades   | 3 |  3.2
Long Blades    | 1 2 3 |  3.3
Fighting       | |  2.4
Armour         | |  0.7
Dodging        | |  2.4
Invocations    | |  2.0

Action                   |  1- 3 |  4- 6 || total
-------------------------+-------+-------++-------
Melee: Short sword       |   168 |     5 ||   173
       Great sword       |     1 |    22 ||    23
Throw: Stone             |    11 |       ||    11
       Tomahawk          |     1 |       ||     1
 Stab: Sleeping          |     1 |       ||     1
  Eat: Chunk             |     2 |     1 ||     3
Armor: Leather armour    |    48 |    20 ||    68
Dodge: Dodged            |    96 |    18 ||   114
       Rpst.: Great sword |     1 |     2 ||     3

Table legend:
 A = Spawn XP
 B = Non-spawn XP
 C = Spawn XP percentage of total XP
 D = Spawn monster count
 E = Non-spawn monster count
 F = Spawn count percentage of total count
 G = Total turns spent on level
                    A         B        C        D         E        F      G
               +---------+---------+-------+---------+---------+-------+---------
         Total |       0 |     184 |   0.0 |       0 |      44 |   0.0 |  1557
               +---------+---------+-------+---------+---------+-------+---------
           D:1 |       0 |      15 |   0.0 |       0 |       8 |   0.0 |   256
           D:2 |       0 |      31 |   0.0 |       0 |      12 |   0.0 |   612
           D:3 |       0 |     138 |   0.0 |       0 |      24 |   0.0 |   669
               +---------+---------+-------+---------+---------+-------+---------
